 Dungeon Crawl Stone Soup version 0.24.0-37-gcf1ca852f1 (webtiles) character file.

Game seed: 2599518763490900946, levelgen mode: deterministic

84 Cryoshakespeare the Covert (level 4, -2/26 HPs)
             Began as a Vampire Assassin on Nov 23, 2019.
             Slain by an iguana (12 damage)
             ... on level 2 of the Dungeon.
             The game lasted 00:04:09 (2636 turns).

Cryoshakespeare the Covert (Vampire Assassin)       Turns: 2636, Time: 00:04:09

Health: -2/26      AC:  4    Str: 10    XL:     4   Next: 23%
Magic:  4/4        EV: 11    Int: 13    God:
Gold:   82         SH:  5    Dex: 16    Spells: 3/3 levels left

rFire    + . .     SeeInvis +   a - +2 dagger
rCold    + . .     Gourm    .   l - +1 buckler
rNeg     + + +     Faith    .   b - +0 robe
rPois    ∞         Spirit   .   p - +0 helmet
rElec    .         Reflect  .   c - +0 cloak
rCorr    .         Harm     .   (no gloves)
MR       .....                  (no boots)
Stlth    ++++++....             (no amulet)
HPRegen  0.00/turn              i - ring of fire
MPRegen  0.09/turn              (no ring)

@: bloodless
A: no food, fangs 3, see invisible, unbreathing
a: Bat Form, Revivify


You were on level 2 of the Dungeon.
You were bloodless.

You visited 1 branch of the dungeon, and saw 3 of its levels.

You collected 82 gold pieces.

Inventory:

Hand Weapons
 a - a +2 dagger (weapon)
Missiles
 d - 21 poisoned darts (quivered)
 e - 2 curare-tipped darts
Armour
 b - a +0 robe (worn)
 c - a +0 cloak (worn)
 l - a +1 buckler (worn)
 p - a +0 helmet (worn)
Jewellery
 i - a ring of fire (left hand)
Scrolls
 m - 2 scrolls of identify
 o - a scroll of blinking {unknown}
Potions
 f - 3 potions of ambrosia
 g - 2 potions of heal wounds
 h - a potion of cancellation {unknown}
 j - a potion of agility {unknown}
 k - a potion of flight {unknown}
 n - a potion of magic {unknown}


   Skills:
 - Level 1.7 Fighting
 - Level 2.1 Short Blades
 - Level 1.5 Throwing
 - Level 1.1 Dodging
 + Level 8.1 Stealth
 + Level 1.6 Shields


You had 3 spell levels left.
You didn't know any spells.
Your spell library was empty.

Dungeon Overview and Level Annotations

Branches:
Dungeon (3/15)

Altars:
Wu Jian


Innate Abilities, Weirdness & Mutations

You do not eat.
You do not regenerate when monsters are visible.
You are frail without blood (-20% HP).
You can heal yourself when you bite living creatures.
You are immune to poison.
You have razor-sharp teeth.
You have supernaturally acute eyesight. (SInv)
You can survive without breathing.


Message History

You hit the iguana.
The iguana is lightly wounded.
The iguana bites you!
You are too injured to fight recklessly!
Things that are here:
a cursed +0 dagger; a rat corpse
There is an escape hatch in the ceiling here.
You block the iguana's attack. A mysterious force pulls you upwards.
The hatch slams shut behind you.
Unknown command.
A hobgoblin comes into view. It is wielding a +0 club.
The helpless hobgoblin fails to defend itself.
You bite the hobgoblin, and draw its blood!
You feel better.
You impale the hobgoblin!!
You kill the hobgoblin!
The iguana bites you.
Found an ornate altar of the Wu Jian Council.
There is a stone staircase leading up here.
The iguana bites you!
You die...

... #.# #.# #.# #..#.#
#.# #.# #..#.## #.# #.#
.... #.# #.#
########.######.#####.###
.........................
..........###########.###
#######.#.## #.# ..
###l@..##########.# ..#
####.........#.......#
..#
#....###.###.#.....%.#
..# #....# #.# .........#
..# #....###+# #....>..#
..##### #....###_'
#.......#
..#...####....###+#
#%......# ...........##.#
#######.# #.#...####)##.#
#.#


You could see an iguana.

Vanquished Creatures
  3 adders
  3 worms (D:2)
  3 leopard geckos
  5 bats
  A giant cockroach (D:1)
  2 goblins (D:1)
  7 hobgoblins
  7 jackals
  A ball python (D:1)
  A frilled lizard (D:1)
  6 kobolds
  2 rats
41 creatures vanquished.

Notes
Turn   | Place    | Note
-------+----------+-------------------------------------------
     0 | D:1      | Cryoshakespeare the Vampire Assassin began the quest for
                  | the Orb.
     0 | D:1      | Reached XP level 1. HP: 16/16 MP: 1/1
    27 | D:1      | Reached skill level 6 in Stealth
   257 | D:1      | Reached XP level 2. HP: 17/17 MP: 2/2
   510 | D:1      | Reached skill level 7 in Stealth
  1093 | D:1      | Reached XP level 3. HP: 21/21 MP: 3/3
  1609 | D:2      | Reached skill level 1 in Shields
  2321 | D:3      | Reached XP level 4. HP: 26/26 MP: 4/4
  2536 | D:3      | Reached skill level 8 in Stealth
  2628 | D:2      | Found an ornate altar of the Wu Jian Council.
  2636 | D:2      | Slain by an iguana

Levels and vault maps discovered:
D:1:      mrwooster_arrival_arrow, layout_loops_ring, serial_glass,
          glass_columns_b, glass_columns_c, glass_columns_c, glass_columns_b,
          glass_columns_c, glass_columns_a, glass_columns_b, glass_columns_b,
          glass_columns_b, glass_columns_a, glass_columns_a, glass_columns_b,
          glass_columns_c, glass_columns_b, due_unseen_surprise,
          feat_on_display, minmay_strange_pillars, minmay_close_crescents
D:2:      layout_basic, lemuel_doored_altar, chequers_ecumenical_altar_simple,
          first_ration
D:3:      layout_basic, kiku_gazebo_pond_becter, kennysheep_generic_room_12

Skill      XL: |  1  2  3  4 |
---------------+-------------+-----
Stealth        | 6 7 8 |  8.1
Shields        | 1 |  1.6
Fighting       | |  1.7
Short Blades   | |  2.1
Throwing       | |  1.5
Dodging        | |  1.1

Action                   |  1- 3 |  4- 6 || total
-------------------------+-------+-------++-------
Melee: Dagger            |    93 |    27 ||   120
       Bite              |     6 |       ||     6
 Abil: Exsanguinate      |     1 |       ||     1
  Use: Scroll            |     4 |     1 ||     5
 Stab: Sleeping          |    15 |     3 ||    18
Armor: Robe              |    16 |     3 ||    19
Dodge: Dodged            |    38 |     8 ||    46
Block: Buckler           |     3 |     4 ||     7
